 Dungeon Sprint DCSS version 0.27-a0-1154-gfdeffcb720 (webtiles) character file.

Game seed: 2335496252539378233

1200000 Zeld the Annihilator (level 15, -1/98 HPs)
             Began as an Octopode Conjurer on May 14, 2021.
             Was a Believer of Makhleb.
             Slain by a meat berserker
             ... wielding a +9 battleaxe
              (30 damage)
             ... in the Dungeon (Sprint VIII: "Arena of Blood").
             The game lasted 00:00:24 (12 turns).

Zeld the Annihilator (Octopode Conjurer)              Turns: 12, Time: 00:00:25

Health: -1/98      AC:  1    Str: 11    XL:     15   Next: 64%
Magic:  4/35       EV: 20    Int: 21    God:    Makhleb [**....]
Gold:   0          SH:  0    Dex: 12    Spells: 45/46 levels left

rFire    . . .     SeeInvis .   a - +∞ Axe of Woe
rCold    . . .     Faith    .   (shield currently unavailable)
rNeg     . . .     Spirit   .   (helmet restricted)
rPois    .         Reflect  .   (no amulet)
rElec    .         Harm     .   (no ring)
rCorr    .         Rampage  .   (no ring)
Will     +....     NoTele   +   (no ring)
Stlth    ++++++++..             (no ring)
HPRegen  0.26/turn              (no ring)
MPRegen  0.24/turn              (no ring)
                                (no ring)
                                (no ring)

@: no status effects
A: almost no armour, amphibious, 8 rings, camouflage 1, gelatinous body 1,
(nimble swimmer 1), tentacles
a: Renounce Religion, Minor Destruction


You were in the Dungeon.
You worshipped Makhleb.
Makhleb was pleased with you.
You visited 1 branch

Inventory:

Hand Weapons
 a - the +∞ Axe of Woe (weapon)
   (You found it in the Dungeon)
Scrolls
 g - a scroll of blinking
Potions
 b - a potion of curing
 c - a potion of heal wounds
 d - a potion of haste
 e - 2 potions of magic
 f - a potion of berserk rage


   Skills:
 + Level 7.6 Fighting
 + Level 14.9 Axes
 + Level 17.0 Dodging
 + Level 20.0 Stealth
 + Level 16.4 Spellcasting
 O Level 27 Conjurations


You had 45 spell levels left.
You knew the following spells:

 Your Spells              Type           Power      Damage    Failure   Level
a - Magic Dart            Conj           100%       1d8       0%          1

Your spell library contained the following spells:

 Spells                   Type           Power      Damage    Failure   Level
 Searing Ray              Conj           100%       3d7       0%          2
 Dazzling Flash           Conj/Hex       100%       N/A       1%          3
 Fulminant Prism          Conj/Hex       32%        3d16      1%          4
 Iskenderun's Mystic Bla  Conj/Tloc      65%        2d13      1%          4


Dungeon Overview and Level Annotations

Branches:
Dungeon (1/1)

Altars:
Makhleb


Innate Abilities, Weirdness & Mutations

You cannot wear most types of armour.
You are amphibious.
You can wear up to eight rings at the same time.
Your skin changes colour to match your surroundings (Stealth+).
Your rubbery body absorbs attacks. (AC +1, EV +1)
((You are camouflaged near water. (Stealth+)))
You have tentacles for arms and can constrict up to eight enemies at once.


Message History

You hit the bag of meat but do no damage.
You pulverise the bag of meat into a thin bloody mist.
You kill the bag of meat!
Makhleb accepts your kill.
You hit the meat berserker.
You butcher the meat berserker messily.
You kill the meat berserker!
Makhleb accepts your kill.
You hear a shout! x7
A meat berserker comes into view. It is wielding a +9 battleaxe.
A bag of meat comes into view. It is wielding a +9 war axe.
You hear a shout! x4
A bag of meat comes into view. It is wielding a +9 war axe.
The meat berserker moves out of view.
Your Fighting skill gained 5 levels and is now at level 7!
Your Axes skill gained 6 levels and is now at level 14!
Your Dodging skill gained 5 levels and is now at level 17!
Your Stealth skill gained 6 levels and is now at level 20!
Your Spellcasting skill gained 5 levels and is now at level 16!
You have reached level 15!
Your experience leads to an increase in your attributes!
Increase (S)trength, (I)ntelligence, or (D)exterity?
You feel stronger.
You feel agile.
Memorise Searing Ray, consuming 2 spell levels and leaving 43?
You hear a shout! x10
You start memorising the spell.
You continue memorising.
You hear a shout! x4
The bag of meat hits you with a +9 war axe!!!
Your memorisation is interrupted.
* * * LOW HITPOINT WARNING * * *
You hear a shout! x6
You are too injured to fight recklessly!
Unknown command.
The bag of meat shouts!
You hit the bag of meat.
You fatally mangle the bag of meat.
You kill the bag of meat!
Makhleb accepts your kill.
You can now harness Makhleb's destructive might.
You hear a shout! x7
The meat berserker hits you with a +9 battleaxe!!
You die...

..... .o #...
.# . #... ..#
..###... ..###.
......###......
....._.o....
#.))).# #_.@O_#
#..)..#
....._......
......###......
..###... ..###.
. #.o. ..# #...
.# ..... ..


You could see a meat berserker (berserk) and 3 bags of meat.

Vanquished Creatures
  2 ogres (D)
  3 orcs (D)
5 creatures vanquished.

Notes
Turn   | Place    | Note
-------+----------+-------------------------------------------
     0 | D        | Found the +∞ Axe of Woe
     0 | D        | Zeld the Octopode Conjurer began the quest for the Orb.
     0 | D        | Reached XP level 1. HP: 11/11 MP: 3/3
     2 | D        | Noticed a bag of meat
     3 | D        | Noticed a meat berserker
     4 | D        | Became a worshipper of Makhleb the Destroyer
     5 | D        | Noticed a meat berserker
     6 | D        | Noticed a bag of meat
     6 | D        | Killed a meat berserker
     6 | D        | Noticed a bag of meat
     6 | D        | Noticed a bag of meat
     7 | D        | Reached skill level 10 in Dodging
     7 | D        | Reached skill level 10 in Spellcasting
     7 | D        | Reached skill level 26 in Conjurations
     7 | D        | Reached XP level 2. HP: 17/17 MP: 3/13
     7 | D        | Reached XP level 3. HP: 21/21 MP: 3/14
     7 | D        | Reached XP level 4. HP: 27/27 MP: 3/16
     7 | D        | Reached XP level 5. HP: 31/31 MP: 3/17
     7 | D        | Reached XP level 6. HP: 36/36 MP: 3/19
     7 | D        | Reached XP level 7. HP: 41/41 MP: 3/20
     7 | D        | Reached XP level 8. HP: 46/46 MP: 3/22
     7 | D        | Reached XP level 9. HP: 51/51 MP: 3/23
     7 | D        | Reached XP level 10. HP: 56/56 MP: 3/24
     7 | D        | Reached XP level 11. HP: 61/61 MP: 3/25
     7 | D        | Reached XP level 12. HP: 66/66 MP: 3/26
     7 | D        | Reached XP level 13. HP: 71/71 MP: 3/27
     8 | D        | Killed a bag of meat
     8 | D        | Reached * piety under Makhleb
     8 | D        | Noticed a bag of meat
     8 | D        | Noticed a bag of meat
     8 | D        | Noticed a bag of meat
     9 | D        | Reached skill level 27 in Conjurations
     9 | D        | Reached XP level 14. HP: 56/81 MP: 3/29
     9 | D        | Killed a bag of meat
     9 | D        | Killed a meat berserker
     9 | D        | Noticed a meat berserker
     9 | D        | Noticed a bag of meat
     9 | D        | Noticed a bag of meat
    10 | D        | Reached XP level 15. HP: 68/98 MP: 3/35
    12 | D        | Reached ** piety under Makhleb
    12 | D        | Slain by a meat berserker

Illustrated notes

Levels and vault maps discovered:
D:        meatsprint

Skill      XL: |  1  2  3  4  5  6  7  8  9 10 11 12 13 14 |
---------------+-------------------------------------------+-----
Axes           | 6 8 14 | 14.9
Dodging        | 10 12 17 | 17.0
Stealth        | 12 14 20 | 20.0
Spellcasting   | 10 11 16 | 16.4
Conjurations   | 26 27 | 27.0
Fighting       | 2 7 |  7.6

Action                   |  1- 3 |  4- 6 |  7- 9 | 10-12 | 13-15 || total
-------------------------+-------+-------+-------+-------+-------++-------
Melee: Executioner's axe |     1 |       |       |       |     3 ||     4

Table legend: (Time is in decaauts)
 A = Elapsed time spent in this place.
 B = Non-inter-level travel time spent in this place.
 C = Inter-level travel time spent in this place.
 D = Time resting spent in this place.
 E = Time spent auto-exploring this place.
 F = Levels seen in this place.
 G = Mean time per level.
                   A        B        C        D        E       F      G
               +--------+--------+--------+--------+--------+-----+--------+
         Total |     13 |     13 |      0 |      0 |      0 |   1 |   13.0 |
       Dungeon |     13 |     13 |      0 |      0 |      0 |   1 |   13.0 |
               +--------+--------+--------+--------+--------+-----+--------+

Top non-repeatable levels by time:
       D: 13 daAuts
